AoeStats
← Draal

Arena

510182300Analyzed
2v2 RM · 4d ago on Sep 29, 2026· 45m 2s· 4 players
Game mode
Random Map
Map size
Medium (4 player)
Population
200
Speed
Normal
Resources
Standard
Victory
Conquest
Starting age
Dark Age
Ending age
Imperial Age
RankedLock teamsTeams togetherTeam positionsShared explorationLock speedFull tech treeHidden civsTurbo modeCheats
Victory
Defeat
🇦🇷 Burgundians · Argentina
1275
+17
1274
+17
🇩🇪 Danes · Germany
1300
-17
🇩🇪 Koreans · Germany
1292
-17
[TLGA] - La Tigresa del Oriente
10:02 Feudal Age
10:28 Loom
14:16 Castle Age
13:03 Fletching
20:02 Double-Bit Axe
20:04 Horse Collar
25:24 Scale Mail Armor
26:50 Heavy Plow
27:52 Wheelbarrow
27:42 Forging
29:02 Hand Cart
30:03 Bow Saw
33:08 Imperial Age
30:39 Gold Mining
32:05 Sanctity
32:29 Bodkin Arrow
32:47 Kshatriyas
32:47 Stone Mining
33:15 Chain Mail Armor
34:26 Crop Rotation
34:47 Iron Casting
35:11 Fervor
36:18 Redemption
36:15 Elite Chakram Thrower
38:10 Plate Mail Armor
39:45 Bracer
41:03 Chemistry
40:24 Ballistics
40:14 Arson
40:26 Town Watch
[TLGA] - Wendy Sulka
4:26 Double-Bit Axe
6:19 Horse Collar
10:49 Feudal Age
10:09 Loom
16:09 Castle Age
15:02 Bow Saw
17:01 Fletching
21:55 Wheelbarrow
23:18 Heavy Plow
29:45 Two-Man Saw
29:16 Hand Cart
29:52 Fortified Wall
31:49 Sanctity
35:16 Imperial Age
33:08 Town Watch
34:01 Gold Mining
34:03 Stone Mining
34:15 Padded Archer Armor
35:11 Burgundian Vineyards
35:24 Leather Archer Armor
35:04 Bodkin Arrow
36:24 Crop Rotation
37:11 Chemistry
37:05 Conscription
37:58 Block Printing
38:04 Scale Barding Armor
39:34 Chain Barding Armor
42:58 Plate Barding Armor
42:34 Forging
43:01 Husbandry
43:21 Redemption
43:24 Light Cavalry
45:27 Iron Casting
BlackLemur
6:18 Loom
8:22 Feudal Age
15:02 Horse Collar
15:08 Double-Bit Axe
23:50 Castle Age
26:59 Gold Mining
27:00 Stone Mining
31:19 Imperial Age
33:20 Heavy Plow
35:10 Fletching
36:35 Bodkin Arrow
37:04 Ballistics
38:14 Eupseong
39:49 Heavy Rocket Cart
Draal
10:26 Feudal Age
14:55 Castle Age
14:46 Forging
22:56 Double-Bit Axe
27:16 Loom
27:33 Horse Collar
29:11 Bow Saw
29:07 Heavy Plow
31:18 Wheelbarrow
36:08 Imperial Age
34:41 Scale Mail Armor
34:52 Forging
37:00 Chain Mail Armor
37:59 Conscription
40:56 Hoardings
40:41 Fletching
41:27 Iron Casting
41:03 Heavy Scorpion
44:31 Ballistics
45:20 Plate Mail Armor
45:50 Blast Furnace
Connection lost

Rejoining the realm…

Still unreachable

The connection could not be restored.

Session expired

The server has moved on; the page needs a fresh start.